 Dungeon Crawl Stone Soup version 0.13-a0-1693-g8ac13c1 (console) character file.

486 Kellhus the Ruinous (level 5, 0/29 HPs)
             Began as a High Elf Wizard on June 20, 2013.
             Slain by Grinder (3 damage)
             ... on Level 3 of the Dungeon.
             The game lasted 00:05:11 (3400 turns).

Kellhus the Ruinous (High Elf Wizard)               Turns: 3400, Time: 00:05:11

HP   0/29        AC  3     Str  4 (7)  XL: 5   Next: 82%
MP   1/16        EV 19     Int 23      God:
Gold 243         SH  0     Dex 18      Spells:  3 memorised,  4 levels left

Res.Fire  : . . .   See Invis. : .   q - +1,+2 dagger (freeze)
Res.Cold  : . . .   Warding    : .   a - +0 elf robe
Life Prot.: . . .   Conserve   : .   (no shield)
Res.Poison: .       Res.Corr.  : .   b - +0 elf wizard hat
Res.Elec. : .       Clarity    : .   (no cloak)
Sust.Abil.: . .     Spirit.Shd : .   k - +0 pair of orc gloves
Res.Mut.  : .       Stasis     : .   (no boots)
Res.Rott. : .       Flight     : +   (no amulet)
Saprovore : . . .                    (no ring)
                                     i - +1 ring of evasion

@: agile, flying, quite poisoned, somewhat resistant to hostile enchantments,
quite stealthy
A: magic resistance 1, evolution 1, Str +1
a: no special abilities


You were on level 3 of the Dungeon.
You were not hungry.

You visited 1 branch of the dungeon, and saw 3 of its levels.

You collected 223 gold pieces.

Inventory:

Hand weapons
 q - a +1,+2 dagger of freezing (weapon)
Armour
 a - a +0 elven robe (worn)
 b - a +0 elven wizard hat (worn)
 f - a +0 pair of gloves
 k - a +0 pair of orcish gloves (worn)
Comestibles
 d - 3 bread rations
 s - a pear
 t - a lychee
 v - a meat ration
 B - 3 rotting chunks of orc flesh
Scrolls
 g - a scroll of amnesia {unknown}
 j - a scroll of magic mapping {unknown}
 m - 2 scrolls of blinking {unknown}
 n - a scroll of remove curse {unknown}
 o - 2 scrolls of fear {unknown}
 p - a scroll of enchant weapon I {unknown}
 r - 2 scrolls of identify {unknown}
 w - 2 scrolls of teleportation {unknown}
 y - a scroll of curse weapon {unknown}
 C - a scroll of fog {unknown}
 E - a scroll of random uselessness {unknown}
Jewellery
 e - an uncursed amulet of guardian spirit
 i - a +1 ring of evasion (left hand)
Potions
 h - a potion of flight
 l - 2 potions of degeneration
 x - a potion of agility
Books
 c - a book of Minor Magic

   Spells                             Type                      Level
   *Magic Dart                        Conjuration                  1
   Blink                              Translocation                2
   Call Imp                           Summoning                    2
   Repel Missiles                     Charms/Air                   2
   Slow                               Hexes                        2
   *Conjure Flame                     Conjuration/Fire             3
   *Mephitic Cloud                    Conjuration/Poison/Air       3


   Skills:
 - Level 2.1 Dodging
 - Level 2.1 Stealth
 - Level 3.6 Spellcasting
 + Level 6.5 Conjurations
   Level 0.8 Summonings
   Level 1.1 Translocations


You had 4 spell levels left.
You knew the following spells:

 Your Spells              Type           Power        Failure   Level  Hunger
a - Magic Dart            Conj           ####         1%          1    None
b - Conjure Flame         Conj/Fire      ###.....     10%         3    ###....
c - Mephitic Cloud        Conj/Pois/Air  ##......     14%         3    ###....


Dungeon Overview and Level Annotations

Branches:
Dungeon (3/27)

Altars:
Kikubaaqudgha
Sif Muna

Annotations
D:3 Grinder


Innate Abilities, Weirdness & Mutations

You are resistant to hostile enchantments.
Your muscles are strong (Str +1).
You evolve.


Message History

* * * LOW HITPOINT WARNING * * *
You feel sick.
Casting: Magic Dart
Confirm with . or Enter, or press ? or * to list all spells.
Aiming: Magic Dart
Press: ? - help, Shift-Dir - straight line, f/p - Grinder
Aim: Grinder (severely wounded)
The magic dart hits Grinder.
Grinder is almost dead.
Grinder barely misses you.
Casting: Magic Dart
Confirm with . or Enter, or press ? or * to list all spells.
Aiming: Magic Dart
Press: ? - help, Shift-Dir - straight line, f/p - Grinder
Aim: Grinder (almost dead)
The magic dart hits Grinder.
Grinder is almost dead.
* * * LOW HITPOINT WARNING * * *
You feel sick. Grinder hits you.
You die...

#######................#
#..).............#
#.....>..).......#
#........_.......#
#................#
#..............).#
#................#
#....%...........#
#######.........@5.....#
.................####..#
................## ##.#
)##############...... .#
.# #..##. .# .# #( .# .#
#. .# .# #. .#
.##############. .#


You could see Grinder.

Vanquished Creatures
  Sigmund (D:3)
  A giant frog (D:3)
  Terence (D:3)
  4 adders
  3 worms
  4 giant geckos
  2 orcs (D:3)
  4 bats (D:3)
  5 hobgoblins
  A giant cockroach (D:3)
  2 giant newts (D:2)
  5 goblins
  5 kobolds
  2 quokkas (D:3)
  A rat (D:2)
41 creatures vanquished.

Vanquished Creatures (others)
  2 rats
2 creatures vanquished.

Grand Total: 43 creatures vanquished

Notes
Turn   | Place    | Note
--------------------------------------------------------------
     0 | D:1      | Kellhus, the High Elf Wizard, began the quest for the Orb.
     0 | D:1      | Reached XP level 1. HP: 9/9 MP: 6/6
   655 | D:1      | Reached XP level 2. HP: 15/15 MP: 6/8
  1199 | D:2      | Reached XP level 3. HP: 12/19 MP: 5/11
  1942 | D:2      | Reached skill level 4 in Conjurations
  2001 | D:3      | Found a deep blue altar of Sif Muna.
  2097 | D:3      | Noticed Terence
  2132 | D:3      | Killed Terence
  2132 | D:3      | Reached XP level 4. HP: 17/25 MP: 1/14
  2357 | D:3      | Noticed Sigmund
  2451 | D:2      | Learned a level 3 spell: Conjure Flame
  2455 | D:2      | Learned a level 3 spell: Mephitic Cloud
  2766 | D:3      | Killed Sigmund
  2766 | D:3      | Reached skill level 5 in Conjurations
  2766 | D:3      | Reached XP level 5. HP: 9/29 MP: 1/16
  3004 | D:3      | Found an ancient bone altar of Kikubaaqudgha.
  3018 | D:3      | Noticed Grinder
  3368 | D:3      | Noticed a giant frog
  3377 | D:3      | Killed a giant frog
  3377 | D:3      | Reached skill level 6 in Conjurations
  3387 | D:3      | Paralysed by Grinder for 7 turns
  3395 | D:3      | Gained mutation: You evolve. [potion of mutation]
  3395 | D:3      | Gained mutation: You are resistant to hostile enchantments. [potion of mutation]
  3395 | D:3      | Gained mutation: Your muscles are strong (Str +1). [potion of mutation]
  3400 | D:3      | Slain by Grinder

Action                   |  1- 3 |  4- 6 || total
-------------------------+-------+-------++-------
 Cast: Magic Dart        |    79 |    73 ||   152
       Mephitic Cloud    |       |     1 ||     1
  Use: Potion            |       |     6 ||     6
